 Dungeon Crawl Stone Soup version 0.29-a0-317-gd16b76e6b1 (webtiles) character file.

Game seed: 1361022780984537501

4942 Armakuni the Cruncher (level 10, -11/74 HPs)
             Began as a Human Wanderer on Mar 30, 2022.
             Was a Follower of Elyvilon.
             Killed from afar by Erica (36 damage)
             ... with a lance of force
             ... on level 8 of the Dungeon on Mar 31, 2022.
             The game lasted 00:22:00 (9576 turns).

Armakuni the Cruncher (Human Wanderer)              Turns: 9576, Time: 00:22:00

Health: -11/74     AC: 19    Str: 21    XL:     10   Next: 81%
Magic:  15/15      EV: 12    Int: 14    God:    Elyvilon [*.....]
Gold:   600        SH:  0    Dex: 11    Spells: 9/9 levels left

rFire   . . .      SeeInvis .   a - +3 flail (freeze)
rCold   . . .      Faith    .   (no shield)
rNeg    . . .      Spirit   .   H - +3 leather armour {rPois}
rPois   +          Reflect  .   I - +2 helmet
rElec   .          Harm     .   D - +0 cloak
rCorr   .          Rampage  .   p - +0 pair of gloves
Will    .....                   u - +2 pair of boots
Stlth   ++........              (no amulet)
HPRegen 0.22/turn               A - +4 ring of protection
MPRegen 0.14/turn               V - +6 ring of strength

@: no status effects
A: hooves 1, clumsy 1, high MP 1
a: Renounce Religion, Purification


You were on level 8 of the Dungeon.
You worshipped Elyvilon.
Elyvilon was aware of your devotion.
You visited 2 branches of the dungeon, and saw 9 of its levels.
You also visited: Bailey.

You collected 600 gold pieces.

Inventory:

Hand Weapons
 a - a +3 flail of freezing (weapon)
 l - a +3 quarterstaff of chaos
 t - a +2 whip of venom
 E - a +0 quarterstaff
Armour
 f - the +6 tower shield of Card Tricks {+Inv Will+ Int+3}
   (You found it in a bailey)

   Int:       It affects your intelligence (+3).
   +Inv:      It lets you turn invisible.
   Will:      It increases your willpower.
 j - the +1 storm dragon scales of Itiupi {rElec rN+ Will+}
   (You found it in a bailey)

   rElec:     It insulates you from electricity.
   rN:        It protects you from negative energy.
   Will:      It increases your willpower.
 p - a +0 pair of gloves (worn)
 s - a +1 buckler
 u - a +2 pair of boots (worn)
 D - a +0 cloak (worn)
 H - a +3 leather armour of poison resistance (worn)
 I - a +2 helmet (worn)
Jewellery
 b - a +4 ring of slaying
 A - a +4 ring of protection (left hand)
 C - a ring of resist corrosion
 F - a ring of protection from fire
 J - a ring of ice
 V - a +6 ring of strength (right hand)
Scrolls
 d - 3 scrolls of teleportation
 g - a scroll of amnesia
 k - 2 scrolls of enchant weapon
 m - 3 scrolls of immolation
 n - 3 scrolls of holy word
 v - 2 scrolls of summoning
 y - 3 scrolls of magic mapping
 z - a scroll of fear
 G - a scroll of enchant armour
 K - a scroll of blinking
Potions
 e - 3 potions of cancellation
 h - a potion of curing
 i - 2 potions of resistance
 o - a potion of ambrosia
 q - a potion of might {unknown}
 r - 5 potions of haste
 w - 2 potions of lignification
 B - 5 potions of heal wounds


   Skills:
 - Level 5.0 Fighting
 - Level 1.0(1.5) Axes
 + Level 1.9(7.9) Maces & Flails
 - Level 12.0 Staves
 - Level 4.0 Armour
 - Level 4.0 Dodging
 - Level 2.0 Stealth
 - Level 5.0 Invocations
 - Level 5.0 Evocations


You had 9 spell levels left.
You didn't know any spells.
Your spell library contained the following spells:

 Spells                   Type           Power      Damage    Failure   Level
 Foxfire                  Conj/Fire      0%         2x1d4     32%         1
 Conjure Flame            Conj/Fire      0%         6-21      69%         3
 Inner Flame              Hex/Fire       0%         N/A       69%         3
 Vampiric Draining        Necr           0%         2d6       69%         3
 Flame Wave               Conj/Fire      0%         2d4       97%         4
 Simulacrum               Ice/Necr       0%         N/A       100%        6
 Necromutation            Tmut/Necr      0%         N/A       100%        8


Dungeon Overview and Level Annotations

Branches:
Dungeon (8/15)             Temple (1/1) D:5            Lair (0/6) D:8
 Bailey (visited)

Altars:
Ashenzari
Cheibriados
Dithmenos
Elyvilon
Fedhas
Gozag
Hepliaklqana
Kikubaaqudgha
Makhleb
Nemelex Xobeh
Okawaru
Qazlal
Ru
Sif Muna
Trog
Uskayaw
Vehumet
Wu Jian
Xom
Yredelemnul
Zin
The Shining One

Shops:
D:1 [

Annotations:
D:8 Erica


Innate Abilities, Weirdness & Mutations

You have large cloven feet.
You are clumsy. (Dex -2)
You have an increased reservoir of magic. (+10% MP)


Message History

You resist.
You feel very sick.
You feel very sick.
Erica points at you and mumbles some strange words.
You resist with significant effort.
You feel sick.
You see here a +0 flail.
You barely miss Erica.
Erica is moderately wounded.
You feel sick.
Erica points at you and mumbles some strange words.
You resist with significant effort.
You sock Erica! You freeze Erica.
Erica is heavily wounded.
You feel sick.
You thump Erica! You freeze Erica.
Erica is severely wounded.
You feel sick.
Erica hits you with a +0 scimitar of flaming.
Erica burns you.
You hit Erica. You freeze Erica.
Erica is severely wounded.
You feel sick.
Erica points at you and mumbles some strange words.
The lance of force hits you!!
You are knocked back by the lance of force.
You feel sick.
Throw: dart (curare)
Press: ? - help, Q - select action, (/) - cycle Shift-Dir - straight line, f/p - Erica
Aim: Erica, wielding a +0 scimitar of flaming and wearing a +0 robe (severely wounded, poisoned, slow, 53% to hit)
You throw a curare-tipped dart. The curare-tipped dart hits Erica.
Erica looks even sicker.
Erica convulses.
Erica seems to be slow for longer.
Erica is almost dead.
You feel sick.
You feel sick.
You are no longer poisoned.
Erica points at you and mumbles some strange words.
The lance of force hits you!!!
You die...

#(.............
#........#####.
#####.#####.... ####
########.# ##.....
##...##...#....# #<..Y..
##...........######.Y....
#....................)..>
#............#######.....
#.....@.@....# ##...#
##.(........## #####
##...##...## #### #####


You could see Erica (very poisoned, slow).

Vanquished Creatures
  A two-headed ogre (D:8)
  An orc knight (Bailey)
  A yak (D:7)
  3 water moccasins
  4 orc warriors (Bailey)
  An ice beast (D:7)
  A sky beast (D:6)
  2 black bears
  2 centaurs
  3 kobold brigands
  5 bullfrogs (D:7)
  5 scorpions
  3 necrophages
  8 wights (D:7)
  2 jellies (D:5)
  A hound (D:6)
  5 orc priests
  An iron imp (D:3)
  Crazy Yiuf (D:5)
  2 gnoll shamans (D:7)
  Natasha (thrice) (D:4)
  Ijyb (D:3)
  8 orc wizards
  3 iguanas
  10 adders
  12 gnolls
  3 worms
  The ghost of jt the Sneak, a weakling GrDe (D:5)
  2 dart slugs (D:2)
  32 orcs
  5 ball pythons
  4 endoplasms
  2 giant cockroaches
  17 goblins
  7 hobgoblins
  3 jackals (D:3)
  26 kobolds
  8 bats
  5 frilled lizards
  5 rats
209 creatures vanquished.

Vanquished Creatures (collateral kills)
  A scorpion (D:6)
1 creature vanquished.

Vanquished Creatures (others)
  34 plants (D:2)
34 creatures vanquished.

Grand Total: 244 creatures vanquished

Notes
Turn   | Place    | Note
-------+----------+-------------------------------------------
     0 | D:1      | Armakuni the Human Wanderer began the quest for the Orb.
     0 | D:1      | Armakuni set off with the following items: a +0 hand axe, a
                  | wand of acid (2), a +0 pair of gloves, a scroll of
                  | teleportation, a +0 leather armour
     0 | D:1      | Reached XP level 1. HP: 13/13 MP: 1/1
   116 | D:1      | Found Leuxtath's Armour Shop.
   133 | D:1      | Reached skill level 1 in Fighting
   341 | D:1      | Reached XP level 2. HP: 4/21 MP: 2/2
   724 | D:1      | Found a faded altar of an unknown god.
   739 | D:1      | Reached skill level 1 in Staves
   954 | D:1      | Reached XP level 3. HP: 27/27 MP: 3/3
  1583 | D:2      | Found a basalt altar of Yredelemnul.
  1772 | D:2      | Reached skill level 2 in Staves
  1838 | D:2      | Reached XP level 4. HP: 14/33 MP: 4/4
  2854 | D:3      | Reached skill level 3 in Staves
  2854 | D:3      | Reached XP level 5. HP: 26/40 MP: 5/5
  3296 | D:3      | Reached XP level 6. HP: 31/47 MP: 6/6
  3507 | D:3      | Found an ornate altar of the Wu Jian Council.
  3542 | D:3      | Found a sparkling altar of Nemelex Xobeh.
  3688 | D:3      | Reached skill level 4 in Staves
  3773 | D:3      | Noticed Ijyb
  3786 | D:3      | Killed Ijyb
  3919 | D:3      | Found a snail-covered altar of Cheibriados.
  4084 | D:4      | Noticed Natasha
  4092 | D:4      | Killed Natasha
  4124 | D:4      | Noticed Natasha
  4132 | D:4      | Killed Natasha
  4209 | D:4      | Reached XP level 7. HP: 46/55 MP: 7/7
  4283 | D:4      | Noticed Natasha
  4304 | D:4      | Killed Natasha
  4305 | D:4      | Found a hazy altar of Hepliaklqana.
  4336 | D:4      | Noticed a shadow
  4337 | D:4      | Found a shadowy altar of Dithmenos.
  4621 | D:5      | Entered Level 5 of the Dungeon
  4625 | D:5      | Noticed a water moccasin
  4630 | D:5      | Killed a water moccasin
  4631 | D:5      | Reached skill level 5 in Fighting
  4631 | D:5      | Reached skill level 5 in Staves
  4709 | D:5      | Noticed jt's ghost (weakling GrDe)
  4837 | D:5      | Found a runed translucent gate.
  4837 | D:5      | Found a runed translucent gate.
  4848 | D:5      | Found a runed translucent gate.
  4892 | D:5      | Noticed a water moccasin
  4895 | D:5      | Killed a water moccasin
  4896 | D:5      | Reached skill level 6 in Staves
  4896 | D:5      | Reached XP level 8. HP: 62/62 MP: 8/8
  5005 | D:5      | Found a staircase to the Ecumenical Temple.
  5012 | Temple   | Entered the Ecumenical Temple
  5073 | Temple   | Became a worshipper of Elyvilon the Healer
  5137 | D:5      | Found a runed translucent door.
  5138 | D:5      | Noticed Crazy Yiuf
  5185 | D:5      | Killed Crazy Yiuf
  5186 | D:5      | Reached skill level 7 in Staves
  5466 | D:5      | Killed jt's ghost
  5584 | D:6      | Reached skill level 8 in Staves
  5958 | D:6      | Reached skill level 9 in Staves
  5958 | D:6      | Reached XP level 9. HP: 63/68 MP: 9/9
  6483 | D:7      | Reached skill level 10 in Staves
  6740 | D:7      | Reached * piety under Elyvilon
  7054 | D:7      | Reached skill level 11 in Staves
  7534 | D:7      | Reached XP level 10. HP: 39/74 MP: 10/10
  7546 | D:7      | Gained mutation: You are frail. (-10% HP) [potion of
                  | mutation]
  7546 | D:7      | Gained mutation: You have hidden genetic potential. [potion
                  | of mutation]
  7567 | D:7      | Reached skill level 12 in Staves
  7736 | D:7      | Lost mutation: You have hidden genetic potential. [potion
                  | of mutation]
  7736 | D:7      | Lost mutation: You are frail. (-10% HP) [potion of
                  | mutation]
  7736 | D:7      | Gained mutation: You are clumsy. (Dex -2) [potion of
                  | mutation]
  7736 | D:7      | Gained mutation: You have large cloven feet. [potion of
                  | mutation]
  7736 | D:7      | Gained mutation: You have an increased reservoir of magic.
                  | (+10% MP) [potion of mutation]
  8033 | D:7      | Identified the +1 ring mail "Gurie" {rN+ Will- rCorr}
  8087 | D:7      | Found an ancient bone altar of Kikubaaqudgha.
  8251 | D:8      | Noticed a two-headed ogre
  8251 | D:8      | Found a staircase to the Lair.
  8256 | D:8      | Killed a two-headed ogre
  8257 | D:8      | Reached skill level 5 in Invocations
  8257 | D:8      | Reached skill level 1 in Dodging
  8309 | D:8      | Found a flagged portal.
  8358 | Bailey   | Entered a bailey
  8642 | Bailey   | Noticed an orc knight
  8669 | Bailey   | Killed an orc knight
  8988 | Bailey   | Identified the +1 storm dragon scales of Itiupi {rElec rN+
                  | Will+}
  9004 | Bailey   | Identified the +6 tower shield of Card Tricks {+Inv Will+
                  | Int+3}
  9382 | D:8      | Reached skill level 1 in Maces & Flails
  9516 | D:8      | Got the Tome of Lethal Fire
  9564 | D:8      | Noticed Erica
  9576 | D:8      | Killed from afar by Erica

Illustrated notes

Levels and vault maps discovered:
D:1:      dpeg_arrival_rooms_b, layout_loops_cross,
          hellmonk_ecumenical_altar_prayer_group, serial_shops, shop_statue,
          minmay_close_crescents
D:2:      minmay_razor_zed, layout_loops_ring, basic_altar, dk_noncrumbling_2,
          serial_bayou_lagoon_a
D:3:      kennysheep_goblin_castle, layout_rooms, slow_altar_2,
          mainiacjoe_overflow_catch_the_wave
D:4:      layout_gridville, riverfiend_overflow_shadow_ancestor, uniq_natasha
D:5:      layout_cave_pools, temple_green, gammafunk_ghost_split,
          uniq_crazy_yiuf_cottage
D:6:      layout_basic
D:7:      layout_loops_ring, mainiacjoe_overflow_paths,
          chequers_serial_rivers_room_a, serial_park_tiny_pond
D:8:      layout_rooms, lair_entry_dummy, enter_bailey_2, uniq_erica
Temple:   nicolae_temple_x_marks_the_god

Skill      XL: |  1  2  3  4  5  6  7  8  9 10 |
---------------+-------------------------------+-----
Fighting       | 1 2 3 4 5 |  5.0
Staves         | 1 2 3 4 6 9 11 12 | 12.0
Invocations    | 5 |  5.0
Dodging        | 4 |  4.0
Armour         | 4 |  4.0
Maces & Flails | 1 |  1.9
Axes           | |  1.0
Stealth        | |  2.0
Evocations     | |  5.0

Action                   |  1- 3 |  4- 6 |  7- 9 | 10-12 || total
-------------------------+-------+-------+-------+-------++-------
Melee: Hand axe          |    40 |       |       |       ||    40
       Punch             |     1 |       |       |       ||     1
       Quarterstaff      |    60 |   169 |   168 |       ||   397
       Dagger            |       |    27 |     4 |       ||    31
       Flail             |       |       |    85 |   183 ||   268
Throw: Dart              |       |       |       |     7 ||     7
Evoke: Wand              |     1 |       |    13 |     7 ||    21
  Use: Scroll            |     5 |     7 |     6 |     2 ||    20
       Potion            |       |       |     1 |     4 ||     5
 Stab: Distracted        |     1 |       |       |       ||     1
       Sleeping          |     1 |     1 |     1 |       ||     3
Armor: Leather armour    |    25 |       |       |    73 ||    98
       Ring mail         |    21 |   112 |   123 |    78 ||   334
Dodge: Dodged            |    59 |   132 |   124 |   149 ||   464

Table legend: (Time is in decaauts)
 A = Elapsed time spent in this place.
 B = Non-inter-level travel time spent in this place.
 C = Inter-level travel time spent in this place.
 D = Time resting spent in this place.
 E = Time spent auto-exploring this place.
 F = Levels seen in this place.
 G = Mean time per level.
                   A        B        C        D        E       F      G
               +--------+--------+--------+--------+--------+-----+--------+
         Total |   9630 |   9443 |    187 |   2317 |   4833 |  10 |  963.0 |
       Dungeon |   8595 |   8417 |    178 |   1848 |   4521 |   8 | 1074.4 |
        Temple |     71 |     62 |      9 |      0 |     30 |   1 |   71.0 |
        Bailey |    963 |    963 |      0 |    469 |    281 |   1 |  963.0 |
               +--------+--------+--------+--------+--------+-----+--------+

Top non-repeatable levels by time:
     D:7: 1636 daAuts
     D:2: 1573 daAuts
     D:1: 1492 daAuts
     D:6: 1102 daAuts
     D:3: 1018 daAuts
  Bailey: 963 daAuts
     D:5: 836 daAuts
     D:4: 603 daAuts
     D:8: 331 daAuts
  Temple: 71 daAuts
